 Dungeon Crawl Stone Soup version 0.28-a0-511-gcc94558de3 (webtiles) character file.

Game seed: 6906675700782965180

18153 Spaninq the Carver (level 12, -22/97 HPs)
             Began as a Gnoll Cinder Acolyte on Sept 21, 2021.
             Was a High Priest of Ignis.
             Annihilated by a bog body (27 damage)
             ... on level 2 of the Lair of Beasts.
             The game lasted 00:45:08 (16363 turns).

Spaninq the Carver (Gnoll Cinder Acolyte)          Turns: 16363, Time: 00:45:08

Health: -22/97     AC: 10    Str: 18    XL:     12   Next: 55%
Magic:  24/24      EV: 15    Int: 15    God:    Ignis [*****.]
Gold:   537        SH:  6    Dex: 14    Spells: 25/27 levels left

rFire   + . .      SeeInvis .   h - +3 scimitar (flame)
rCold   . . .      Faith    .   H - +0 buckler
rNeg    . . .      Spirit   .   C - +2 leather armour of Bad Feelings {Str+4 Dex+3}
rPois   +          Reflect  .   r - +0 helmet
rElec   .          Harm     .   J - +0 cloak
rCorr   .          Rampage  .   (no gloves)
Will    .....                   n - +1 pair of boots
Stlth   +++.......              w - amulet of regeneration
HPRegen 1.26/turn               j - ring of flight
MPRegen 0.19/turn               t - ring of poison resistance

@: on berserk cooldown, flying, slowed, very slow
A: fangs 1, strong nose, distributed training
a: Renounce Religion, Sea of Fire, Foxfire Swarm, Rising Flame


You were on level 2 of the Lair of Beasts.
You worshipped Ignis.
Ignis was extremely pleased with you.
You visited 3 branches of the dungeon, and saw 12 of its levels.
You also visited: Sewer.

You collected 537 gold pieces.

Inventory:

Hand Weapons
 c - a +2 falchion of holy wrath
 h - a +3 scimitar of flaming (weapon)
 v - the +7 trident of the Globe {venom, *Rage}
   (You took it off a gnoll on level 5 of the Dungeon)

   It poisons the flesh of those it strikes.
   *Rage:     It lets you go berserk by making a melee attack (+20% chance).
Missiles
 a - 5 silver javelins
 D - 2 throwing nets (quivered)
Armour
 g - a +0 chain mail
 n - a +1 pair of boots (worn)
 r - a +0 helmet (worn)
 C - the +2 leather armour of Bad Feelings (worn) {Str+4 Dex+3}
   (You found it on level 7 of the Dungeon)

   Str:       It affects your strength (+4).
   Dex:       It affects your dexterity (+3).
 E - a +0 plate armour
 H - a +0 buckler (worn)
 J - a +0 cloak (worn)
Jewellery
 j - a ring of flight (left hand)
 t - a ring of poison resistance (right hand)
 w - an amulet of regeneration (around neck)
 x - a ring of see invisible
Wands
 f - a wand of charming (12)
 s - a wand of mindburst (16)
 F - a wand of polymorph (9)
 I - a wand of iceblast (4)
 L - a wand of acid (6)
Scrolls
 l - 4 scrolls of fog
 m - 2 scrolls of teleportation
 p - a scroll of magic mapping
 u - 2 scrolls of enchant weapon
 y - a scroll of blinking
 K - 2 scrolls of identify
Potions
 b - 4 potions of brilliance
 d - 4 potions of curing
 e - 3 potions of invisibility
 i - a potion of heal wounds
 k - 2 potions of magic
 o - 2 potions of mutation {unknown}
 q - a potion of attraction {unknown}
 z - a potion of cancellation {unknown}
 A - a potion of might {unknown}
 B - 2 potions of haste {unknown}


   Skills:
 + Level 10.0 Fighting
 + Level 7.4 Short Blades
 + Level 10.0 Long Blades
 + Level 7.4 Axes
 + Level 7.4 Maces & Flails
 + Level 7.4 Polearms
 + Level 7.4 Staves
 + Level 7.4 Slings
 + Level 7.4 Bows
 + Level 7.4 Crossbows
 + Level 7.4 Throwing
 + Level 7.4 Armour
 + Level 7.4 Dodging
 + Level 7.4 Stealth
 + Level 7.4 Shields
 + Level 7.4 Unarmed Combat
 + Level 8.0 Spellcasting
 + Level 6.1 Conjurations
 + Level 6.1 Hexes
 + Level 6.1 Summonings
 + Level 6.1 Necromancy
 + Level 6.1 Translocations
 + Level 6.1 Transmutations
 + Level 8.3 Fire Magic
 + Level 6.1 Ice Magic
 + Level 6.1 Air Magic
 + Level 6.1 Earth Magic
 + Level 6.1 Poison Magic
 + Level 8.1 Invocations
 + Level 7.4 Evocations


You had 25 spell levels left.
You knew the following spells:

 Your Spells              Type           Power      Damage    Failure   Level
a - Scorch                Fire           62%        2d8       1%          2

Your spell library contained the following spells:

 Spells                   Type           Power      Damage    Failure   Level
 Beastly Appendage        Tmut           48%        N/A       1%          1
 Pain                     Necr           96%        1d8       1%          1
 Sublimation of Blood     Necr           12%        N/A       1%          2
 Wereblood                Tmut           24%        N/A       1%          2
 Inner Flame              Hex/Fire       27%        N/A       1%          3
 Ozocubu's Armour         Ice            24%        N/A       3%          3
 Spider Form              Tmut/Pois      12%        N/A       3%          3
 Cause Fear               Hex            12%        N/A       11%         4
 Summon Lightning Spire   Summ/Air       24%        N/A       11%         4
 Agony                    Necr           24%        N/A       30%         5
 Excruciating Wounds      Necr           12%        N/A       30%         5
 Ozocubu's Refrigeration  Ice            12%        4d7       100%        7
 Storm Form               Tmut/Air       12%        N/A       100%        7
 Summon Hydra             Summ           12%        N/A       100%        7
 Discord                  Hex            12%        N/A       100%        8
 Maxwell's Capacitive Co  Air            12%        ∞         100%        8


Dungeon Overview and Level Annotations

Branches:
Dungeon (9/15)             Temple (1/1) D:7            Lair (2/6) D:8
  Sewer (visited)
  Swamp: Lair:2-4    Shoals: Lair:2-4     Snake: Lair:2-4    Spider: Lair:2-4
    Orc: D:9-12

Altars:
Ashenzari
Cheibriados
Dithmenos
Elyvilon
Fedhas
Gozag
Hepliaklqana
Kikubaaqudgha
Makhleb
Okawaru
Qazlal
Ru
Uskayaw
Vehumet
Wu Jian
Zin


Innate Abilities, Weirdness & Mutations

You have very sharp teeth.
Your uncanny sense of smell can sniff out nearby items.
Your experience applies equally to all skills.


Message History

You kill the yak!
The bog body touches you! The bog body freezes you!!
Your Spellcasting skill increases to level 8!
The +7 trident of the Globe {venom, *Rage} stops dripping with poison.
Your +3 scimitar of flaming bursts into flame!
h - a +3 scimitar of flaming (weapon)
You are no longer berserk.
You are exhausted.
You feel yourself slow down.
You barely miss the bog body. Your bite misses the bog body.
The bog body is moderately damaged.
You kill the yak!
You block the bog body's attack.
Your Fighting skill increases to level 10!
Your Long Blades skill increases to level 10!
You hit the bog body.
The bog body is moderately damaged.
The bog body casts a spell at you. The bolt of cold hits you!!
* * * LOW HITPOINT WARNING * * *
The bog body touches you but does no damage.
You feel much better. The bog body closely misses you.
You hit the bog body. You burn the bog body. You bite the bog body.
The bog body is heavily damaged.
The bog body closely misses you. You block the bog body's attack.
You barely miss the bog body.
The bog body is heavily damaged.
The bog body touches you! The bog body freezes you!!
* * * LOW HITPOINT WARNING * * *
You feel much better. The bog body casts a spell at you.
You feel as though you will be slow longer.
The bog body touches you! The bog body freezes you!
* * * LOW HITPOINT WARNING * * *
You hit the bog body.
The bog body is heavily damaged.
The bog body touches you!
* * * LOW HITPOINT WARNING * * *
The bog body freezes you!!
You die...

.P#..........# ...
...........### ##...
.........>.P## #.....
..#...##.....# #....!.
..#..####...## ##.......
.....## #....## ###P......F
.....P###.....# #..........
.....P..##...######..⌠⌠..Y<.
........##......@...♣..♣...Y
................n...♣.$♣ Y
...##..............♣♣..♣
...######..........♣ .♣≈
...### #...........♣ ..≈♣
.....###..#P...###.♣ ♣. ♣
...............###.♣ .
.........###P#..##♣♣
.........# ###..#


You could see a bog body.

Vanquished Creatures
  Erolcha (D:9)
  6 hydras
  A boulder beetle (Lair:2)
  Erica (D:9)
  A two-headed ogre (D:9)
  Pikel (D:9)
  A black mamba (Lair:1)
  2 rime drakes (Lair:1)
  2 cane toads
  2 komodo dragons (Lair:1)
  Prince Ribbit (D:6)
  6 blink frogs
  Sigmund (D:5)
  A shadow (D:9)
  13 yaks
  A basilisk (Lair:2)
  A wraith (D:9)
  4 wyverns
  A steam dragon (D:7)
  Menkaure (D:5)
  Edmund (D:5)
  An acid dragon (D:8)
  2 water moccasins (Lair:2)
  4 orc warriors
  2 necrophages
  An ice beast (D:6)
  4 black bears
  2 centaurs
  An ogre (D:6)
  A lemure (D:9)
  2 kobold brigands
  2 phantoms (D:5)
  11 bullfrogs
  5 scorpions
  A wyvern skeleton (D:6)
  A water moccasin skeleton (D:4)
  12 killer bees (D:9)
  8 wights
  A howler monkey (D:4)
  A centaur zombie (D:8)
  A bullfrog skeleton (D:5)
  A hound (D:6)
  6 orc priests
  A jelly (D:5)
  2 centaur skeletons
  2 gnoll shamans
  6 iguanas
  7 orc wizards
  22 gnolls
  13 adders
  3 river rats (D:4)
  A shadow imp (D:6)
  2 worms
  3 dart slugs
  24 orcs
  10 endoplasms
  17 goblins
  8 hobgoblins
  12 jackals
  6 quokkas
  9 ball pythons
  6 bats
  4 frilled lizards
  19 kobolds
  13 rats
309 creatures vanquished.

Vanquished Creatures (others)
  6 fungi
  13 plants
19 creatures vanquished.

Grand Total: 328 creatures vanquished

Notes
Turn   | Place    | Note
-------+----------+-------------------------------------------
     0 | D:1      | Spaninq the Gnoll Cinder Acolyte began the quest for the
                  | Orb.
     0 | D:1      | Reached XP level 1. HP: 23/23 MP: 4/4
     2 | D:1      | Noticed a human
     4 | D:1      | Noticed a vine stalker
     4 | D:1      | Noticed a draconian
     6 | D:1      | Noticed an elf
     8 | D:1      | Noticed a dwarf
     8 | D:1      | Noticed an octopode
    10 | D:1      | Noticed a merfolk
    12 | D:1      | Noticed a ghoul
    14 | D:1      | Noticed a naga
    16 | D:1      | Noticed a felid
    16 | D:1      | Noticed a demigod
    18 | D:1      | Noticed a gargoyle
    18 | D:1      | Noticed a tengu
    20 | D:1      | Noticed a vampire
    20 | D:1      | Noticed a minotaur
    22 | D:1      | Noticed a spriggan
    22 | D:1      | Noticed a demonspawn
    24 | D:1      | Noticed a formicid
    24 | D:1      | Noticed an ogre
    26 | D:1      | Noticed a troll
   262 | D:1      | Reached XP level 2. HP: 29/29 MP: 5/5
   310 | D:1      | Learned a level 2 spell: Scorch
   751 | D:1      | Reached XP level 3. HP: 35/35 MP: 1/7
  1395 | D:2      | Reached skill level 1 in Invocations
  1785 | D:2      | Reached skill level 1 in Short Blades
  1785 | D:2      | Reached skill level 1 in Axes
  1785 | D:2      | Reached skill level 1 in Maces & Flails
  1785 | D:2      | Reached skill level 1 in Polearms
  1785 | D:2      | Reached skill level 1 in Staves
  1785 | D:2      | Reached skill level 1 in Slings
  1785 | D:2      | Reached skill level 1 in Bows
  1785 | D:2      | Reached skill level 1 in Crossbows
  1785 | D:2      | Reached skill level 1 in Throwing
  1785 | D:2      | Reached skill level 1 in Armour
  1785 | D:2      | Reached skill level 1 in Dodging
  1785 | D:2      | Reached skill level 1 in Stealth
  1785 | D:2      | Reached skill level 1 in Shields
  1785 | D:2      | Reached skill level 1 in Unarmed Combat
  1785 | D:2      | Reached skill level 1 in Evocations
  1982 | D:2      | Reached XP level 4. HP: 41/41 MP: 5/8
  2833 | D:3      | Reached skill level 1 in Conjurations
  2833 | D:3      | Reached skill level 1 in Hexes
  2833 | D:3      | Reached skill level 1 in Summonings
  2833 | D:3      | Reached skill level 1 in Necromancy
  2833 | D:3      | Reached skill level 1 in Translocations
  2833 | D:3      | Reached skill level 1 in Transmutations
  2833 | D:3      | Reached skill level 1 in Ice Magic
  2833 | D:3      | Reached skill level 1 in Air Magic
  2833 | D:3      | Reached skill level 1 in Earth Magic
  2833 | D:3      | Reached skill level 1 in Poison Magic
  2846 | D:3      | Reached XP level 5. HP: 47/47 MP: 0/9
  3910 | D:4      | Reached XP level 6. HP: 49/53 MP: 3/11
  3989 | D:4      | Found a glowing drain.
  4000 | Sewer    | Entered a sewer
  5366 | D:3      | Reached XP level 7. HP: 48/59 MP: 5/12
  6058 | D:4      | Found a hide-covered altar of Uskayaw.
  6283 | D:5      | Entered Level 5 of the Dungeon
  6283 | D:5      | Noticed Menkaure
  6289 | D:5      | Killed Menkaure
  6980 | D:5      | Reached XP level 8. HP: 67/67 MP: 3/14
  7184 | D:5      | Noticed Sigmund
  7189 | D:5      | Killed Sigmund
  7278 | D:5      | Identified the +7 trident of the Globe {venom, *Rage}
  7709 | D:5      | Noticed Edmund
  7725 | D:5      | Killed Edmund
  7914 | D:6      | Noticed a yak
  7914 | D:6      | Noticed a yak
  7914 | D:6      | Noticed a yak
  7914 | D:6      | Noticed a yak
  8462 | D:5      | Killed a yak
  8505 | D:5      | Killed a yak
  8506 | D:5      | Reached XP level 9. HP: 63/72 MP: 4/16
  8585 | D:6      | Noticed Prince Ribbit
  8817 | D:6      | Reached skill level 5 in Spellcasting
  8873 | D:6      | Killed Prince Ribbit
  9292 | D:6      | Found a glowing silver altar of Zin.
  9787 | D:6      | Found a radiant altar of Vehumet.
  9787 | D:6      | Found a white marble altar of Elyvilon.
  9923 | D:7      | Reached skill level 5 in Invocations
 10013 | D:7      | Identified the +2 leather armour of Bad Feelings {Str+4
                  | Dex+3}
 10437 | D:7      | Found a staircase to the Ecumenical Temple.
 10534 | D:7      | Reached XP level 10. HP: 80/80 MP: 14/18
 10717 | D:7      | Reached skill level 5 in Short Blades
 10717 | D:7      | Reached skill level 5 in Axes
 10717 | D:7      | Reached skill level 5 in Maces & Flails
 10717 | D:7      | Reached skill level 5 in Polearms
 10717 | D:7      | Reached skill level 5 in Staves
 10717 | D:7      | Reached skill level 5 in Slings
 10717 | D:7      | Reached skill level 5 in Bows
 10717 | D:7      | Reached skill level 5 in Crossbows
 10717 | D:7      | Reached skill level 5 in Throwing
 10717 | D:7      | Reached skill level 5 in Armour
 10717 | D:7      | Reached skill level 5 in Dodging
 10717 | D:7      | Reached skill level 5 in Stealth
 10717 | D:7      | Reached skill level 5 in Shields
 10717 | D:7      | Reached skill level 5 in Unarmed Combat
 10717 | D:7      | Reached skill level 5 in Evocations
 10877 | Temple   | Entered the Ecumenical Temple
 11730 | D:8      | Found a staircase to the Lair.
 12660 | D:9      | Noticed Erolcha
 12669 | D:9      | Killed Erolcha
 12774 | D:9      | Noticed Pikel
 12779 | D:9      | Killed Pikel
 12780 | D:9      | Reached XP level 11. HP: 87/87 MP: 20/20
 12887 | D:9      | Noticed a two-headed ogre
 13031 | D:9      | Noticed Erica
 13051 | D:9      | Killed Erica
 13052 | D:9      | Reached skill level 5 in Conjurations
 13052 | D:9      | Reached skill level 5 in Hexes
 13052 | D:9      | Reached skill level 5 in Summonings
 13052 | D:9      | Reached skill level 5 in Necromancy
 13052 | D:9      | Reached skill level 5 in Translocations
 13052 | D:9      | Reached skill level 5 in Transmutations
 13052 | D:9      | Reached skill level 5 in Ice Magic
 13052 | D:9      | Reached skill level 5 in Air Magic
 13052 | D:9      | Reached skill level 5 in Earth Magic
 13052 | D:9      | Reached skill level 5 in Poison Magic
 13717 | D:9      | Killed a two-headed ogre
 14186 | Lair:1   | Entered Level 1 of the Lair of Beasts
 14239 | Lair:1   | Noticed an eight-headed hydra
 14247 | Lair:1   | HP: 4/89 [seven-headed hydra (6)]
 14320 | Lair:1   | Killed a one-headed hydra
 14809 | Lair:1   | Noticed a four-headed hydra
 14819 | Lair:1   | Killed a one-headed hydra
 14988 | Lair:1   | Reached XP level 12. HP: 96/96 MP: 23/23
 15274 | Lair:2   | Noticed a seven-headed hydra
 15351 | Lair:2   | Killed a one-headed hydra
 15419 | Lair:2   | Noticed a boulder beetle
 15436 | Lair:2   | Killed a boulder beetle
 15543 | Lair:2   | Noticed a five-headed hydra
 15545 | Lair:2   | Noticed a seven-headed hydra
 15589 | Lair:1   | Killed a one-headed hydra
 15648 | Lair:2   | Killed a one-headed hydra
 16224 | Lair:2   | Noticed a four-headed hydra
 16287 | Lair:2   | Killed a two-headed hydra
 16358 | Lair:2   | Reached skill level 10 in Fighting
 16358 | Lair:2   | Reached skill level 10 in Long Blades
 16363 | Lair:2   | Annihilated by a bog body

Illustrated notes

Levels and vault maps discovered:
D:1:      kb_arrival_jail, layout_basic
D:2:      layout_basic
D:3:      layout_basic
D:4:      layout_gridville, nicolae_uskayaw_dance_hall,
          lightli_sewer_entry_pipes
D:5:      layout_gridville, dk_noncrumbling_2, uniq_edmund, uniq_menkaure,
          uniq_sigmund
D:6:      layout_rooms, zin_scriptorium, gammafunk_temple_overflow_statue,
          grunt_ministairs_2, lemuel_flamethrower_1, uniq_prince_ribbit1
D:7:      layout_rooms, minmay_temple_entry_sparse_star, corexii_checkpoint_a,
          kennysheep_pointless_box, serial_park_tiny_pond, minmay_diced_spiral
D:8:      layout_loops_ring, grunt_lair_entry_orc_guard_hut
D:9:      layout_grid_maze, chequers_arboretum, minmay_misc_feat_x,
          grunt_ministairs_2, uniq_erolcha, uniq_erica, uniq_pikel
Temple:   regret_index_temple_mists
Lair:1:   layout_regular_city
Lair:2:   layout_layer_cave, nicolae_swamp_entry_splash_gauntlet, uniq_gastronok

Skill      XL: |  1  2  3  4  5  6  7  8  9 10 11 12 |
---------------+-------------------------------------+-----
Invocations    | 1 2 3 4 5 6 7 8 |  8.1
Short Blades   | 1 2 3 4 5 6 7 |  7.4
Axes           | 1 2 3 4 5 6 7 |  7.4
Maces & Flails | 1 2 3 4 5 6 7 |  7.4
Polearms       | 1 2 3 4 5 6 7 |  7.4
Staves         | 1 2 3 4 5 6 7 |  7.4
Slings         | 1 2 3 4 5 6 7 |  7.4
Bows           | 1 2 3 4 5 6 7 |  7.4
Crossbows      | 1 2 3 4 5 6 7 |  7.4
Throwing       | 1 2 3 4 5 6 7 |  7.4
Armour         | 1 2 3 4 5 6 7 |  7.4
Dodging        | 1 2 3 4 5 6 7 |  7.4
Stealth        | 1 2 3 4 5 6 7 |  7.4
Shields        | 1 2 3 4 5 6 7 |  7.4
Unarmed Combat | 1 2 3 4 5 6 7 |  7.4
Evocations     | 1 2 3 4 5 6 7 |  7.4
Spellcasting   | 3 4 5 6 7 8 |  8.0
Conjurations   | 1 2 3 4 5 6 |  6.1
Hexes          | 1 2 3 4 5 6 |  6.1
Summonings     | 1 2 3 4 5 6 |  6.1
Necromancy     | 1 2 3 4 5 6 |  6.1
Translocations | 1 2 3 4 5 6 |  6.1
Transmutations | 1 2 3 4 5 6 |  6.1
Ice Magic      | 1 2 3 4 5 6 |  6.1
Air Magic      | 1 2 3 4 5 6 |  6.1
Earth Magic    | 1 2 3 4 5 6 |  6.1
Poison Magic   | 1 2 3 4 5 6 |  6.1
Fighting       | 7 8 9 10 | 10.0
Long Blades    | 7 8 9 10 | 10.0
Fire Magic     | 6 7 8 |  8.3

Action                   |  1- 3 |  4- 6 |  7- 9 | 10-12 || total
-------------------------+-------+-------+-------+-------++-------
Melee: Falchion          |    39 |    35 |    16 |       ||    90
       Bite              |     2 |     6 |     8 |    38 ||    54
       Punch             |       |     1 |     1 |     4 ||     6
       Trident           |       |       |    89 |   297 ||   386
       Scimitar          |       |       |       |    48 ||    48
 Cast: Scorch            |    37 |    96 |   125 |    43 ||   301
  Use: Scroll            |       |     7 |       |    11 ||    18
       Potion            |       |       |       |     2 ||     2
 Stab: Sleeping          |       |     1 |       |     9 ||    10
Armor: Robe              |    10 |       |       |       ||    10
       Leather armour    |     2 |    19 |    28 |   106 ||   155
Dodge: Dodged            |    22 |    19 |    82 |   216 ||   339
Block: Buckler           |       |       |       |    46 ||    46

Table legend: (Time is in decaauts)
 A = Elapsed time spent in this place.
 B = Non-inter-level travel time spent in this place.
 C = Inter-level travel time spent in this place.
 D = Time resting spent in this place.
 E = Time spent auto-exploring this place.
 F = Levels seen in this place.
 G = Mean time per level.
                   A        B        C        D        E       F      G
               +--------+--------+--------+--------+--------+-----+--------+
         Total |  16729 |  15967 |    762 |   2889 |  10004 |  13 | 1286.8 |
       Dungeon |  13520 |  12804 |    716 |   2557 |   8108 |   9 | 1502.2 |
        Temple |     82 |     67 |     15 |      0 |     37 |   1 |   82.0 |
          Lair |   2263 |   2232 |     31 |    218 |   1273 |   2 | 1131.5 |
         Sewer |    862 |    862 |      0 |    113 |    586 |   1 |  862.0 |
               +--------+--------+--------+--------+--------+-----+--------+

Top non-repeatable levels by time:
     D:5: 2445 daAuts
     D:9: 1799 daAuts
     D:4: 1567 daAuts
     D:6: 1494 daAuts
     D:1: 1399 daAuts
     D:3: 1385 daAuts
     D:8: 1287 daAuts
  Lair:2: 1219 daAuts
     D:2: 1117 daAuts
  Lair:1: 1044 daAuts
     D:7: 1025 daAuts
   Sewer: 862 daAuts
  Temple: 82 daAuts
